TOP OF THE 1ST |
Brooklyn Dodgers batting - Pitching for Atlanta Smoke : RHP Fraser Cuevas
|
Pitching: RHP Fraser Cuevas
|
|
Batting: LHB Ki-tak Im
|
0-0: Called Strike 0-1: Ball 1-1: Bunt missed! 1-2: Ball 2-2: Foul Ball, location: 2F 2-2: Foul Ball, location: 2F 2-2: Ground out 4-3 (Groundball, 4)
|
Batting: LHB Mysterious Walker
|
0-0: Foul Ball, location: 2F 0-1: Foul Ball, location: 2F 0-2: Ball 1-2: Ball 2-2: Ball 3-2: Foul Ball, location: 2F 3-2: Ground out U3 (Groundball, 3)
|
Batting: LHB Jérôme Masson
|
0-0: Swinging Strike 0-1: Fly out, F5 (Line Drive, 5)
|
Top of the 1st over - 0 runs, 0 hits, 0 errors, 0 left on base; Brooklyn 0 - Atlanta 0 |
BOTTOM OF THE 1ST |
Atlanta Smoke batting - Pitching for Brooklyn Dodgers : LHP Todd Hines
|
Pitching: LHP Todd Hines
|
|
Batting: RHB Bartolo Morales
|
0-0: Ball 1-0: Foul Ball, location: 2F 1-1: Reached via error on a dropped throw, E3
|
Batting: RHB Casey Cavell
|
0-0: Foul Ball, location: 2F 0-1: Swinging Strike 0-2: Ball 1-2: Ball 2-2: Foul Ball, location: 2F 2-2: Foul Ball, location: 2F 2-2: Strikes out swinging
|
Batting: LHB Albert Morán
|
0-0: Called Strike 0-1: Ball 1-1: Ball 2-1: Ground out 4-3 (Groundball, 34D) Bartolo Morales to second
|
Batting: LHB Yataro Kodo
|
0-0: Ball 1-0: Ball 2-0: Ball 3-0: Base on Balls
|
Batting: SHB Valentín Guzmán
|
0-0: Fly out, F7 (Line Drive, 78D)
|
Bottom of the 1st over - 0 runs, 0 hits, 1 error, 2 left on base; Brooklyn 0 - Atlanta 0 |
TOP OF THE 2ND |
Brooklyn Dodgers batting - Pitching for Atlanta Smoke : RHP Fraser Cuevas
|
Batting: LHB Manuel Carmona
|
0-0: TRIPLE (Flyball, 8LXD)
|
Batting: RHB Brent Ryan
|
0-0: Ground out 1-3 (Groundball, P)
|
Batting: RHB Ulbert Sutkamp
|
0-0: Called Strike 0-1: Ball 1-1: Ball 2-1: Foul Ball, location: 2F 2-2: Foul Ball, location: 2F 2-2: Foul Ball, location: 2F 2-2: Ball 3-2: Base on Balls
|
Batting: SHB Juan Rivas
|
0-0: Called Strike 0-1: SINGLE (Groundball, 34S) (infield hit) Manuel Carmona scores Ulbert Sutkamp to second
|
Batting: RHB Chandler Bailey
|
0-0: Called Strike 0-1: Grounds into double play, 3-6-4 (Groundball, 34)
|
Top of the 2nd over - 1 run, 2 hits, 0 errors, 1 left on base; Brooklyn 1 - Atlanta 0 |
BOTTOM OF THE 2ND |
Atlanta Smoke batting - Pitching for Brooklyn Dodgers : LHP Todd Hines
|
Batting: RHB Gabriel Maldonado
|
0-0: Called Strike 0-1: Swinging Strike 0-2: Ball 1-2: Fly out, F7 (Flyball, 7S)
|
Batting: RHB Bobby Butterfield
|
0-0: Ground out 6-3 (Groundball, 6)
|
Batting: RHB Gerardo Castillo
|
0-0: Ball 1-0: Ball 2-0: Fly out, F7 (Flyball, 7)
|
Bottom of the 2nd over - 0 runs, 0 hits, 0 errors, 0 left on base; Brooklyn 1 - Atlanta 0 |
TOP OF THE 3RD |
Brooklyn Dodgers batting - Pitching for Atlanta Smoke : RHP Fraser Cuevas
|
Batting: RHB Vincent Crane
|
0-0: Called Strike 0-1: Called Strike 0-2: Ball 1-2: Foul Ball, location: 2F 1-2: Strikes out looking
|
Batting: LHB Ki-tak Im
|
0-0: Ball 1-0: Foul Ball, location: 2F 1-1: Ball 2-1: SINGLE (Groundball, 4MD)
|
Batting: LHB Mysterious Walker
|
0-0: Ball 1-0: Called Strike 1-1: Swinging Strike 1-2: Foul Ball, location: 2F 1-2: Foul Ball, location: 2F 1-2: Ball 2-2: Fly out, F9 (Line Drive, 89S)
|
Batting: LHB Jérôme Masson
|
0-0: Ball 1-0: Called Strike 1-1: Foul Ball, location: 2F 1-2: Foul Ball, location: 2F 1-2: Ball 2-2: Foul Ball, location: 2F 2-2: DOUBLE (Flyball, 8LXD) Ki-tak Im to third Runner from 3rd tries for Home, SAFE, no throw
|
Batting: LHB Manuel Carmona
|
0-0: Called Strike 0-1: Foul Ball, location: 2F 0-2: Ball 1-2: Foul Ball, location: 2F 1-2: Ball 2-2: Ball 3-2: Fly out, F8 (Flyball, 8LM)
|
Top of the 3rd over - 1 run, 2 hits, 0 errors, 1 left on base; Brooklyn 2 - Atlanta 0 |
BOTTOM OF THE 3RD |
Atlanta Smoke batting - Pitching for Brooklyn Dodgers : LHP Todd Hines
|
Batting: SHB Melito Báez
|
0-0: Ground out 6-3 (Groundball, 6)
|
Batting: RHB Bartolo Morales
|
0-0: Ball 1-0: Ball 2-0: Ground out 6-3 (Groundball, 6)
|
Batting: RHB Casey Cavell
|
0-0: Called Strike 0-1: Swinging Strike 0-2: Ball 1-2: Foul Ball, location: 2F 1-2: Ground out 3-1 (Groundball, 34)
|
Bottom of the 3rd over - 0 runs, 0 hits, 0 errors, 0 left on base; Brooklyn 2 - Atlanta 0 |
TOP OF THE 4TH |
Brooklyn Dodgers batting - Pitching for Atlanta Smoke : RHP Fraser Cuevas
|
Batting: RHB Brent Ryan
|
0-0: Called Strike 0-1: Called Strike 0-2: Foul Ball, location: 2F 0-2: Ball 1-2: Ball 2-2: Foul Ball, location: 2F 2-2: Foul Ball, location: 2F 2-2: SINGLE (Groundball, 6MD)
|
Batting: RHB Ulbert Sutkamp
|
0-0: Foul Ball, location: 2F 0-1: Fly out, F8 (Line Drive, 8RD)
|
Batting: SHB Juan Rivas
|
0-0: Swinging Strike 0-1: Ball 1-1: Called Strike 1-2: Fly out, F7 (Flyball, 78XD)
|
Batting: RHB Chandler Bailey
|
0-0: Ball 1-0: Fly out, F9 (Flyball, 9)
|
Top of the 4th over - 0 runs, 1 hit, 0 errors, 1 left on base; Brooklyn 2 - Atlanta 0 |
BOTTOM OF THE 4TH |
Atlanta Smoke batting - Pitching for Brooklyn Dodgers : LHP Todd Hines
|
Batting: LHB Albert Morán
|
0-0: Ball 1-0: Ball 2-0: Called Strike 2-1: Fly out, F9 (Flyball, 9LSF)
|
Batting: LHB Yataro Kodo
|
0-0: Ball 1-0: Called Strike 1-1: Foul Ball, location: 2F 1-2: Strikes out swinging
|
Batting: SHB Valentín Guzmán
|
0-0: Ball 1-0: Ball 2-0: Called Strike 2-1: Ball 3-1: Foul Ball, location: 2F 3-2: Strikes out swinging
|
Bottom of the 4th over - 0 runs, 0 hits, 0 errors, 0 left on base; Brooklyn 2 - Atlanta 0 |
TOP OF THE 5TH |
Brooklyn Dodgers batting - Pitching for Atlanta Smoke : RHP Fraser Cuevas
|
Batting: RHB Vincent Crane
|
0-0: Called Strike 0-1: Ball 1-1: Called Strike 1-2: Ball 2-2: Foul Ball, location: 2F 2-2: Foul Ball, location: 2F 2-2: Strikes out swinging
|
Batting: LHB Ki-tak Im
|
0-0: Ball 1-0: Called Strike 1-1: Called Strike 1-2: Ball 2-2: SINGLE (Groundball, 4MD)
|
Batting: LHB Mysterious Walker
|
0-0: Ball 1-0: Ball 2-0: Ground out U3 (Groundball, 3) Ki-tak Im to second
|
Pitching: RHP Domingo Velasco
|
|
Batting: LHB Jérôme Masson
|
0-0: Called Strike 0-1: Swinging Strike 0-2: Ball 1-2: Ball 2-2: SINGLE (Groundball, 2R) (infield hit) Ki-tak Im to third
|
Batting: LHB Manuel Carmona
|
0-0: Foul Ball, location: 2F 0-1: Called Strike 0-2: Ball 1-2: Ground out 1-3 (Groundball, 13S)
|
Top of the 5th over - 0 runs, 2 hits, 0 errors, 2 left on base; Brooklyn 2 - Atlanta 0 |
BOTTOM OF THE 5TH |
Atlanta Smoke batting - Pitching for Brooklyn Dodgers : LHP Todd Hines
|
Batting: RHB Gabriel Maldonado
|
0-0: Called Strike 0-1: Ball 1-1: Called Strike 1-2: Ball 2-2: Strikes out swinging
|
Batting: RHB Bobby Butterfield
|
0-0: Bunt missed! 0-1: Ball 1-1: Foul Ball, location: 2F 1-2: Ball 2-2: Foul Ball, location: 2F 2-2: Strikes out swinging
|
Batting: RHB Gerardo Castillo
|
0-0: Called Strike 0-1: Ball 1-1: Swinging Strike 1-2: Ball 2-2: Foul Ball, location: 2F 2-2: Strikes out swinging
|
Bottom of the 5th over - 0 runs, 0 hits, 0 errors, 0 left on base; Brooklyn 2 - Atlanta 0 |
TOP OF THE 6TH |
Brooklyn Dodgers batting - Pitching for Atlanta Smoke : RHP Domingo Velasco
|
Batting: RHB Brent Ryan
|
0-0: Ball 1-0: Foul Ball, location: 2F 1-1: Ground out 6-3 (Groundball, 6)
|
Batting: RHB Ulbert Sutkamp
|
0-0: Ball 1-0: Ball 2-0: Swinging Strike 2-1: Ball 3-1: DOUBLE (Flyball, 8RXD)
|
Batting: SHB Juan Rivas
|
0-0: Ball 1-0: SINGLE (Groundball, 34D) Ulbert Sutkamp to third Runner from 3rd tries for Home, throw and OUT!
|
Batting: RHB Chandler Bailey
|
0-0: Ball Juan Rivas steals 2nd base 1-0: Ground out U3 (Groundball, 3)
|
Top of the 6th over - 0 runs, 2 hits, 0 errors, 1 left on base; Brooklyn 2 - Atlanta 0 |
BOTTOM OF THE 6TH |
Atlanta Smoke batting - Pitching for Brooklyn Dodgers : LHP Todd Hines
|
Batting: SHB Melito Báez
|
0-0: Called Strike 0-1: Ball 1-1: Ball 2-1: Foul Ball, location: 2F 2-2: Foul Ball, location: 2F 2-2: Ground out 5-3 (Groundball, 5L)
|
Batting: RHB Bartolo Morales
|
0-0: Ball 1-0: Ground out 5-3 (Groundball, 56)
|
Batting: RHB Casey Cavell
|
0-0: Foul Ball, location: 2F 0-1: SOLO HOME RUN (Flyball, 7LD), Distance : 367 ft
|
Batting: LHB Albert Morán
|
0-0: Foul Ball, location: 2F 0-1: Called Strike 0-2: Foul Ball, location: 2F 0-2: Ball 1-2: SOLO HOME RUN (Flyball, 9D), Distance : 393 ft
|
Batting: LHB Yataro Kodo
|
0-0: Called Strike 0-1: Swinging Strike 0-2: Ball 1-2: Ball 2-2: Ground out 4-3 (Groundball, 4)
|
Bottom of the 6th over - 2 runs, 2 hits, 0 errors, 0 left on base; Brooklyn 2 - Atlanta 2 |
TOP OF THE 7TH |
Brooklyn Dodgers batting - Pitching for Atlanta Smoke : RHP Domingo Velasco
|
Batting: RHB Vincent Crane
|
0-0: Ball 1-0: Foul Ball, location: 2F 1-1: Fly out, F9 (Line Drive, 9)
|
Batting: LHB Ki-tak Im
|
0-0: Ball 1-0: Ball 2-0: DOUBLE (Groundball, 3L)
|
Batting: LHB Mysterious Walker
|
0-0: Swinging Strike 0-1: Ball 1-1: Ball 2-1: Fly out, F7 (Flyball, 78M)
|
Batting: LHB Jérôme Masson
|
0-0: Foul Ball, location: 2F 0-1: Ball 1-1: Foul Ball, location: 2F 1-2: SINGLE (Line Drive, 6D) Ki-tak Im to third
|
Batting: LHB Manuel Carmona
|
0-0: Ball 1-0: Ground out 4-3 (Groundball, 4)
|
Top of the 7th over - 0 runs, 2 hits, 0 errors, 2 left on base; Brooklyn 2 - Atlanta 2 |
BOTTOM OF THE 7TH |
Atlanta Smoke batting - Pitching for Brooklyn Dodgers : LHP Todd Hines
|
Batting: SHB Valentín Guzmán
|
0-0: Ball 1-0: Ball 2-0: Called Strike 2-1: Called Strike 2-2: Strikes out swinging
|
Batting: RHB Gabriel Maldonado
|
0-0: Called Strike 0-1: Ball 1-1: Ground out 5-3 (Groundball, 2L)
|
Batting: RHB Bobby Butterfield
|
0-0: Swinging Strike 0-1: Swinging Strike 0-2: Ball 1-2: Foul Ball, location: 2F 1-2: Ground out 4-3 (Groundball, 4M)
|
Bottom of the 7th over - 0 runs, 0 hits, 0 errors, 0 left on base; Brooklyn 2 - Atlanta 2 |
TOP OF THE 8TH |
Brooklyn Dodgers batting - Pitching for Atlanta Smoke : RHP Domingo Velasco
|
Pitching: RHP Iván García
|
|
Batting: RHB Brent Ryan
|
0-0: Ball 1-0: Called Strike 1-1: Ball 2-1: Foul Ball, location: 2F 2-2: DOUBLE (Line Drive, 7D)
|
Batting: RHB Ulbert Sutkamp
|
0-0: Called Strike 0-1: Ball 1-1: Fly out, F2 (Popup, 2LF)
|
Batting: SHB Juan Rivas
|
0-0: Intentional Walk
|
Batting: RHB Chandler Bailey
|
0-0: Ball 1-0: Ball 2-0: Ball 3-0: Base on Balls Brent Ryan to third Juan Rivas to second
|
Batting: RHB Vincent Crane
|
0-0: Ball 1-0: Called Strike 1-1: Swinging Strike 1-2: Strikes out swinging
|
Batting: LHB Ki-tak Im
|
0-0: Ball 1-0: Swinging Strike 1-1: Ball 2-1: Foul Ball, location: 2F 2-2: Strikes out looking
|
Top of the 8th over - 0 runs, 1 hit, 0 errors, 3 left on base; Brooklyn 2 - Atlanta 2 |
BOTTOM OF THE 8TH |
Atlanta Smoke batting - Pitching for Brooklyn Dodgers : LHP Todd Hines
|
Pitching: RHP Luis Bejarano
|
|
Batting: RHB Gerardo Castillo
|
0-0: Called Strike 0-1: Ball 1-1: Foul Ball, location: 2F 1-2: Fly out, F6 (Popup, 6M)
|
Batting: SHB Melito Báez
|
0-0: Foul Ball, location: 2F 0-1: Ball 1-1: Ball 2-1: Ball 3-1: Fly out, F8 (Flyball, 8LD)
|
Batting: RHB Bartolo Morales
|
0-0: Foul Ball, location: 2F 0-1: Ball 1-1: Foul Ball, location: 2F 1-2: Ground out 5-3 (Groundball, 56S)
|
Bottom of the 8th over - 0 runs, 0 hits, 0 errors, 0 left on base; Brooklyn 2 - Atlanta 2 |
TOP OF THE 9TH |
Brooklyn Dodgers batting - Pitching for Atlanta Smoke : RHP Iván García
|
Batting: LHB Mysterious Walker
|
0-0: Ball 1-0: Foul Ball, location: 2F 1-1: Ball 2-1: Ball 3-1: Foul Ball, location: 2F 3-2: Foul Ball, location: 2F 3-2: Base on Balls
|
Batting: LHB Jérôme Masson
|
0-0: Ball 1-0: Fielders Choice at 2nd, 1-4 (Groundball, 15S)
|
Batting: LHB Manuel Carmona
|
0-0: Ball 1-0: Called Strike 1-1: Foul Ball, location: 2F 1-2: Ball 2-2: SINGLE (Line Drive, 9S) Jérôme Masson to second
|
Batting: RHB Brent Ryan
|
0-0: Fly out, F9 (Flyball, 9LSF)
|
Batting: RHB Ulbert Sutkamp
|
0-0: Swinging Strike 0-1: SINGLE (Groundball, 6MD) Jérôme Masson to third Manuel Carmona to second Runner from 3rd tries for Home, SAFE, no throw
|
Batting: SHB Juan Rivas
|
0-0: Ball 1-0: Swinging Strike 1-1: Ball 2-1: Foul Ball, location: 2F 2-2: Strikes out swinging
|
Top of the 9th over - 1 run, 2 hits, 0 errors, 2 left on base; Brooklyn 3 - Atlanta 2 |
BOTTOM OF THE 9TH |
Atlanta Smoke batting - Pitching for Brooklyn Dodgers : RHP Luis Bejarano
|
Pitching: LHP Sjaak Bonne
|
|
Batting: RHB Casey Cavell
|
0-0: Fly out, F6 (Popup, 6MS)
|
Batting: LHB Albert Morán
|
0-0: Fly out, F6 (Popup, P)
|
Batting: LHB Yataro Kodo
|
0-0: Ball 1-0: Called Strike 1-1: Foul Ball, location: 2F 1-2: Strikes out swinging
|
Bottom of the 9th over - 0 runs, 0 hits, 0 errors, 0 left on base; Brooklyn 3 - Atlanta 2 |
|